 Dungeon Crawl Stone Soup version 0.21.1-1-g345015f (webtiles) character file.

150 raistware the Conjurer (level 5, -1/35 HPs)
             Began as a Mummy Conjurer on Mar 31, 2018.
             Killed from afar by an orc wizard (6 damage)
             ... with a puff of frost
             ... on level 5 of the Dungeon.
             The game lasted 00:08:40 (2911 turns).

raistware the Conjurer (Mummy Conjurer)             Turns: 2911, Time: 00:08:41

Health: -1/35      AC:  7    Str: 12    XL:     5   Next: 10%
Magic:  9/9        EV:  9    Int: 15    God:
Gold:   199        SH:  0    Dex: 12    Spells: 8/9 levels left

rFire    x . .     SeeInvis .   i - -3 dagger (curse)
rCold    + . .     Gourm    .   (no shield)
rNeg     + + +     Faith    .   d - +0 scale mail (curse)
rPois    ∞         Spirit   .   (no helmet)
rElec    .         Reflect  .   h - +0 cloak
rCorr    .         Harm     .   (no gloves)
MR       +....                  (no boots)
Stlth    ..........             (no amulet)
HPRegen  0.11/turn              f - ring of wizardry
MPRegen  0.11/turn              j - ring of protection from magic

@: no status effects
A: no food or potions, fire vulnerability, cold resistance 1, negative energy
resistance 3, torment resistance, unbreathing
a: no special abilities


You were on level 5 of the Dungeon.
You were not hungry.

You visited 1 branch of the dungeon, and saw 5 of its levels.

You collected 199 gold pieces.

Inventory:

Hand Weapons
 e - a +0 short sword
 i - a cursed -3 dagger (weapon)
Missiles
 g - 16 sling bullets
Armour
 a - a +0 robe
 d - a cursed +0 scale mail (worn)
 h - a +0 cloak (worn)
Jewellery
 f - a ring of wizardry (left hand)
 j - a ring of protection from magic (right hand)
Scrolls
 c - a scroll of teleportation
Books
 b - a book of Conjurations

   Spells                             Type                      Level
   a - Magic Dart                     Conjuration                  1
   b - Searing Ray                    Conjuration                  2
   c - Dazzling Spray                 Conjuration/Hexes            3
   d - Fulminant Prism                Conjuration/Hexes            4
   e - Force Lance                    Conjuration/Translocation    4
   f - Iskenderun's Mystic Blast      Conjuration                  4


   Skills:
 - Level 1.5 Dodging
 - Level 1.5 Stealth
 - Level 2.6 Spellcasting
 + Level 5.3 Conjurations


You had 8 spell levels left.
You knew the following spells:

 Your Spells              Type           Power        Failure   Level  Hunger
a - Magic Dart            Conj           ###.         5%          1    N/A

Dungeon Overview and Level Annotations

Branches:
Dungeon (5/15)
 Temple: D:4-7

Altars:
Wu Jian

Annotations:
D:3 PotatoWhiskey's ghost, amateur DsAK


Innate Abilities, Weirdness & Mutations

You do not eat or drink.
Your flesh is vulnerable to fire.
You are immune to poison.
Your flesh is cold resistant. (rC+)
You are immune to negative energy. (rN+++)
You are immune to unholy pain and torment.
You can survive without breathing.


Message History

The orc wizard gestures wildly while chanting.
The orc wizard seems to speed up.
The orc closely misses you.
The orc wizard mumbles some strange words.
The orc wizard blinks!
A sky beast comes into view.
The hound bites you. The hound bites you but does no damage.
The orc wizard hits you with a dagger.
Found 8 gold pieces.
Found a stone staircase leading down.
You see here 23 sling bullets.
The hound bites you. The sky beast hits you. The sky beast shocks you.
The orc wizard gestures at you while chanting.
The puff of flame hits you! The fire burns you terribly!
* * * LOW HITPOINT WARNING * * *
Found 8 sling bullets.
The orc wizard hits you with a dagger.
* * * LOW HITPOINT WARNING * * *
Found a stone staircase leading down.
The orc wizard gestures at you while chanting.
The puff of frost hits you! You resist.
You die...

...... >....
#..(# ##...##
#.....#
#$....#..>.##
#.....#.....#
#...@.+.....#
#.....#.....
#..Yo##...#
#....##...###+#
#...ho.........
#....o(o.......
#######........
##...##o..=....
#....+..o......


You could see a sky beast, a hound, an orc wizard and 2 orcs.

Vanquished Creatures
  An orc wizard (D:4)
  Jessica (D:2)
  A hound skeleton (D:3)
  3 adders
  An ooze (D:3)
  2 dart slugs
  A leopard gecko (D:4)
  6 orcs
  2 giant cockroaches (D:2)
  3 goblins
  3 hobgoblins
  2 jackals (D:3)
  5 kobolds
  3 quokkas
  A ball python (D:1)
  A bat (D:2)
  2 frilled lizards (D:2)
  4 rats
42 creatures vanquished.

Notes
Turn   | Place    | Note
-------+----------+-------------------------------------------
     0 | D:1      | raistware the Mummy Conjurer began the quest for the Orb.
     0 | D:1      | Reached XP level 1. HP: 13/13 MP: 4/4
     3 | D:1      | Noticed a black mamba
     6 | D:1      | Noticed a seven-headed hydra
   289 | D:1      | Reached XP level 2. HP: 12/19 MP: 5/5
  1352 | D:2      | Reached skill level 4 in Conjurations
  1352 | D:2      | Reached XP level 3. HP: 15/24 MP: 0/7
  1948 | D:2      | Noticed Jessica
  1953 | D:2      | Killed Jessica
  2240 | D:3      | Noticed PotatoWhiskey's ghost (amateur DsAK)
  2325 | D:3      | Reached XP level 4. HP: 23/30 MP: 2/8
  2562 | D:4      | Reached skill level 5 in Conjurations
  2596 | D:4      | Reached XP level 5. HP: 35/35 MP: 0/9
  2684 | D:4      | Found an ornate altar of the Wu Jian Council.
  2848 | D:4      | Noticed an ogre
  2897 | D:5      | Entered Level 5 of the Dungeon
  2897 | D:5      | Noticed a centaur
  2905 | D:5      | Noticed a sky beast
  2911 | D:5      | Killed from afar by an orc wizard

Skill      XL: |  1  2  3  4 |
---------------+-------------+-----
Conjurations   | 4 5 |  5.3
Dodging        | |  1.5
Stealth        | |  1.5
Spellcasting   | |  2.6

Action                   |  1- 3 |  4- 6 || total
-------------------------+-------+-------++-------
Melee: Short sword       |    34 |    27 ||    61
 Cast: Magic Dart        |    50 |    37 ||    87
  Use: Scroll            |     2 |     3 ||     5
Armor: Scale mail        |    16 |    18 ||    34
Dodge: Dodged            |    27 |    19 ||    46
